 Dungeon Crawl Stone Soup version 0.19-a0-812-g33f3bc8 (webtiles) character file.

32 FrankyJ the Poker (level 3, 0/28 HPs)
             Began as a Demonspawn Gladiator on June 28, 2016.
             Succumbed to an adder's poison
             ... on level 2 of the Dungeon.
             The game lasted 00:03:54 (1210 turns).

FrankyJ the Poker (Demonspawn Gladiator)            Turns: 1210, Time: 00:03:55

Health: 0/28       AC:  6    Str: 16    XL:     3   Next: 10%
Magic:  1/3        EV: 13    Int:  9    God:
Gold:   72         SH:  0    Dex: 13    Spells: 0 memorised, 2 levels left

rFire  . . .     SeeInvis .     a - +0 trident
rCold  . . .     Gourm    .     b - +0 leather armour
rNeg   . . .     Faith    .     (no shield)
rPois  .         Spirit   +     c - +0 helmet
rElec  .         Dismiss  .     (no cloak)
rCorr  .         Reflect  .     (no gloves)
SustAt .         Harm     .     r - +1 pair of boots {Fly}
MR     .....                    (no amulet)
Stlth  +.........               (no ring)
                                (no ring)

@: lethally poisoned (0 -> -7), exhausted, flying, slowed, very slow, not
resistant to hostile enchantments, very unstealthy
A: magic shield
a: Stop Flying


You were on level 2 of the Dungeon.
You were hungry.

You visited 1 branch of the dungeon, and saw 2 of its levels.

You collected 72 gold pieces.

Inventory:

Hand Weapons
 a - a +0 trident (weapon)
Missiles
 d - 3 throwing nets (quivered)
Armour
 b - a +0 leather armour (worn)
 c - a +0 helmet (worn)
 e - a cursed +0 chain mail
 l - a +0 pair of gloves
 r - a +1 pair of boots of flying (worn)
Jewellery
 o - an uncursed ring of see invisible {unknown}
Scrolls
 j - a scroll of enchant armour {unknown}
 p - a scroll of fog {unknown}
 s - a scroll of random uselessness {unknown}
 u - a scroll of fear {unknown}
Potions
 i - a potion of might {unknown}
 k - a potion of invisibility {unknown}
 n - a potion of magic {unknown}
 t - a potion of berserk rage
Comestibles
 f - 2 bread rations
 g - a beef jerky
 h - a meat ration
 m - 5 chunks of flesh
 q - a slice of pizza


   Skills:
 * Level 2.4 Fighting
 * Level 3.3 Polearms
 - Level 1.7 Throwing
 + Level 3.0 Dodging
 - Level 0.2 Stealth


You had 2 spell levels left.
You didn't know any spells.

Dungeon Overview and Level Annotations

Branches:
Dungeon (2/15)

Altars:


Innate Abilities, Weirdness & Mutations

When hurt, damage is shared between your health and your magic reserves.


Message History

You feel sick. The adder closely misses you.
You puncture the adder!
You kill the adder!
Your Dodging skill increases to level 3!
You have reached level 3!
Your experience leads to an increase in your attributes!
Your base attributes are Str 15, Int 9, Dex 13.
Increase (S)trength, (I)ntelligence, or (D)exterity?
You feel stronger.
* * * LOW HITPOINT WARNING * * *
You feel sick.
Found an escape hatch in the floor.
You see here an adder corpse.
You are too berserk!
You feel a strong urge to attack something.
You are no longer berserk.
You are exhausted.
You feel yourself slow down.
You are feeling hungry.
You die...

..+........ .
..#.####### >... ...#
..#....# ..#....++
..##...#+## ..#......
..##......# .........
......(....# #$#....
###.#......# #.#....#
...........#+#.#....##
#####.#+##.....#@....#
#...>....+.....+.....+
#...(.#.##.....#.....###
......#.##.....#........
..<.....................
......#.#####...........
....###.....#...#####..=
.#### #.........#. ...
.# ##............. ..


There were no monsters in sight!

Vanquished Creatures
  An adder (D:2)
  A dart slug (D:1)
  A giant gecko (D:1)
  3 giant cockroaches (D:1)
  2 hobgoblins (D:1)
  A bat (D:2)
  A giant newt (D:2)
  5 goblins
  2 kobolds (D:1)
  4 rats (D:1)
21 creatures vanquished.

Notes
Turn   | Place    | Note
--------------------------------------------------------------
     0 | D:1      | FrankyJ the Demonspawn Gladiator began the quest for the Orb.
     0 | D:1      | Reached XP level 1. HP: 16/16 MP: 1/1
   265 | D:1      | Gained mutation: When hurt, damage is shared between your health and your magic reserves. [demonic ancestry]
   265 | D:1      | Reached XP level 2. HP: 19/22 MP: 2/2
  1207 | D:2      | Reached XP level 3. HP: 2/28 MP: 1/3
  1208 | D:2      | HP: 1/42 [poisoned by an adder]
  1210 | D:2      | Succumbed to an adder's poison

Vault maps used:
D:1:      minmay_arrival_arboretum_small
D:2:      lemuel_round_altar, uniq_iyjb

Skill      XL: |  1  2 |
---------------+-------+-----
Polearms       | 3 |  3.3
Dodging        | 3 |  3.0
Fighting       | |  2.4
Throwing       | |  1.7
Stealth        | |  0.2

Action                   || total
-------------------------++-------
Melee: Trident           ||    69
  Use: Potion            ||     1
 Stab: Sleeping          ||     3
  Eat: Chunk             ||     1
Armor: Leather armour    ||    10
Dodge: Dodged            ||    40
